 Dungeon Crawl Stone Soup version 0.24.0-13-gcf9b319 (webtiles) character file.

Game seed: 11403268920548525015, levelgen mode: deterministic

326 Bronimir the Chiller (level 6, -10/42 HPs)
             Began as a Merfolk Ice Elementalist on Mar 21, 2020.
             Mangled by an ogre
             ... wielding a +0 giant club
              (19 damage)
             ... on level 4 of the Dungeon.
             The game lasted 00:09:17 (3015 turns).

Bronimir the Chiller (Merfolk Ice Elementalist)     Turns: 3015, Time: 00:09:17

Health: -10/42     AC:  8    Str:  8    XL:     6   Next: 49%
Magic:  4/10       EV: 13    Int: 16    God:
Gold:   215        SH:  0    Dex: 15    Spells: 1/11 levels left

rFire    . . .     SeeInvis .   a - +0 scythe
rCold    . . .     Gourm    .   (shield currently unavailable)
rNeg     . . .     Faith    .   s - +0 leather armour
rPois    .         Spirit   .   (no helmet)
rElec    .         Reflect  .   (no cloak)
rCorr    .         Harm     .   (no gloves)
MR       .....                  (no boots)
Stlth    +.........             (no amulet)
HPRegen  0.14/turn              h - ring of flight
MPRegen  0.12/turn              i - ring of attention (curse)

@: icy armour
A: change form in water, swift swim, stealthy swim
a: Evoke Flight


You were on level 4 of the Dungeon.
You were hungry.

You visited 1 branch of the dungeon, and saw 4 of its levels.

You collected 215 gold pieces.

Inventory:

Hand Weapons
 a - a +0 scythe (weapon)
 b - a +0 hunting sling
 f - a +0 club
 g - a +0 spear
 t - a +0 whip
 v - a +0 dagger
 w - a +0 battleaxe
Missiles
 d - 220 stones
 o - 18 poisoned darts (quivered)
 p - 15 sling bullets
 q - 22 arrows
Armour
 k - a +1 robe
 s - a +0 leather armour (worn)
Magical Staves
 A - an uncursed staff of conjuration {unknown}
Jewellery
 h - a ring of flight (left hand)
 i - a cursed ring of attention (right hand)
Scrolls
 j - a scroll of identify
 y - a scroll of remove curse
Potions
 e - a potion of might {unknown}
 l - a potion of ambrosia {unknown}
 m - a potion of flight {unknown}
 r - a potion of lignification {unknown}
 u - a potion of curing
 x - 2 potions of heal wounds
Comestibles
 c - 7 rations


   Skills:
 + Level 0.6 Fighting
 * Level 3.3 Polearms
 + Level 0.4 Armour
 * Level 3.6 Dodging
 - Level 2.2 Stealth
 + Level 3.3 Spellcasting
 - Level 0.7 Conjurations
 * Level 5.8 Ice Magic


You had one spell level left.
You knew the following spells:

 Your Spells              Type           Power        Failure   Level  Hunger
a - Freeze                Ice            ###.         2%          1    None
b - Throw Frost           Conj/Ice       ##....       10%         2    ##.....
c - Ozocubu's Armour      Chrm/Ice       ##......     22%         3    ###....
d - Throw Icicle          Conj/Ice       ##......     54%         4    ####...

Your spell library contained the following spells:

 Spells                   Type           Power        Failure   Level  Hunger
 Summon Ice Beast         Ice/Summ       ##......     58%         4    ####...


Dungeon Overview and Level Annotations

Branches:
Dungeon (4/15)
 Temple: D:4-7

Altars:
Elyvilon
Okawaru
Xom


Message History

The ogre is moderately wounded.
Casting: Freeze (safe; 2% risk of failure)
Confirm with . or Enter, or press ? or * to list all spells.
Aiming: Freeze (safe; 2% risk of failure)
Press: ? - help, Shift-Dir - straight line, f/p - ogre
Aim: an ogre, wielding a +0 giant club (moderately wounded)
You freeze the ogre!
The ogre is heavily wounded.
The ogre hits you with a +0 giant club!!
Ouch! That really hurt!
* * * LOW HITPOINT WARNING * * *
Casting: Freeze (safe; 2% risk of failure)
Confirm with . or Enter, or press ? or * to list all spells.
Aiming: Freeze (safe; 2% risk of failure)
Press: ? - help, Shift-Dir - straight line, f/p - ogre
Aim: an ogre, wielding a +0 giant club (heavily wounded)
You freeze the ogre.
The ogre is heavily wounded.
The ogre hits you with a +0 giant club!!
You die...

#.... #. ....# .. ... ..#
#...##.. ... #..##....#.# #'#
#........+.# #.#
.........#.###.## . #........#.+
._# .##..##....#.# #.# #.....# .#
.....##...#..# #@# #.....##.##
#.........#..###O###..........
#....##...#...................
.....##...#........#..........
...................#..........
..)................#..........
#.........############'##########
#....######.....................<
#....#...........................


You could see an ogre.

Vanquished Creatures
  Sigmund (D:2)
  An ogre (D:4)
  A centaur skeleton (D:4)
  A worker ant (D:3)
  2 worms (D:2)
  2 leopard geckos
  4 orcs
  2 giant cockroaches
  4 goblins
  5 hobgoblins
  3 kobolds
  2 bats (D:2)
  A frilled lizard (D:2)
  11 rats
40 creatures vanquished.

Notes
Turn   | Place    | Note
-------+----------+-------------------------------------------
     0 | D:1      | Bronimir the Merfolk Ice Elementalist began the quest for
                  | the Orb.
     0 | D:1      | Reached XP level 1. HP: 13/13 MP: 3/3
   392 | D:1      | Reached XP level 2. HP: 19/19 MP: 5/5
   412 | D:1      | Learned a level 2 spell: Throw Frost
   882 | D:2      | Found a shimmering altar of Xom.
   896 | D:2      | Noticed Sigmund
   969 | D:2      | Killed Sigmund
   969 | D:2      | Reached skill level 5 in Ice Magic
   969 | D:2      | Reached XP level 3. HP: 23/24 MP: 2/7
   969 | D:2      | Reached XP level 4. HP: 28/30 MP: 2/8
   969 | D:2      | Reached XP level 5. HP: 33/35 MP: 2/9
  1399 | D:2      | Found a white marble altar of Elyvilon.
  1507 | D:2      | Learned a level 3 spell: Ozocubu's Armour
  1512 | D:2      | Learned a level 4 spell: Throw Icicle
  2481 | D:3      | Reached skill level 1 in Polearms
  2700 | D:4      | Noticed an ogre
  2720 | D:4      | Killed an ogre
  2720 | D:4      | Reached XP level 6. HP: 7/42 MP: 0/10
  2997 | D:4      | Found an iron altar of Okawaru.
  3015 | D:4      | Mangled by an ogre

Levels and vault maps discovered:
D:1:      minmay_arrival_five_plusses, layout_basic
D:2:      layout_basic, elyvilon_altar_1, first_ration,
          brannock_xom_greatest_gift, uniq_sigmund
D:3:      layout_basic
D:4:      layout_gridville, lemuel_doored_altar, lemuel_coloured_pillars_altar,
          minmay_temple_entry_large_hall, serial_shops,
          nicolae_shop_temple_entry_statues_fountains

Skill      XL: |  1  2  3  4  5  6 |
---------------+-------------------+-----
Dodging        | 3 |  3.6
Spellcasting   | 3 |  3.3
Ice Magic      | 5 |  5.8
Polearms       | 2 3 |  3.3
Fighting       | |  0.6
Armour         | |  0.4
Stealth        | |  2.2
Conjurations   | |  0.7

Action                   |  1- 3 |  4- 6 || total
-------------------------+-------+-------++-------
Melee: Dagger            |    12 |       ||    12
       Unarmed           |     6 |       ||     6
       Scythe            |       |   101 ||   101
Throw: Dart              |     1 |       ||     1
 Cast: Freeze            |    13 |    19 ||    32
       Throw Frost       |     2 |     9 ||    11
       Ozocubu's Armour  |       |     2 ||     2
  Use: Scroll            |     4 |     1 ||     5
       Potion            |     4 |       ||     4
 Stab: Sleeping          |     1 |       ||     1
  Eat: Chunk             |       |     7 ||     7
Armor: Robe              |     5 |     5 ||    10
       Leather armour    |       |    29 ||    29
Dodge: Dodged            |    16 |   113 ||   129
